 Dungeon Crawl Stone Soup version 0.20-a0-1089-g3fde505 (webtiles) character file.

373 M4edhros the Ruffian (level 6, -3/53 HPs)
             Began as a Troll Necromancer on May 4, 2017.
             Was a Believer of Jiyva.
             Slain by M4edhros's ghost (10 damage)
             ... on level 6 of the Dungeon.
             The game lasted 00:05:16 (1247 turns).

M4edhros the Ruffian (Troll Necromancer)            Turns: 1247, Time: 00:05:16

Health: -3/53      AC:  5    Str: 21    XL:     6   Next: 43%
Magic:  0/6        EV: 10    Int: 12    God:    Jiyva [**....]
Gold:   65         SH:  0    Dex: 12    Spells: 6/7 levels left

rFire    . . .     SeeInvis .     - Unarmed
rCold    . . .     Gourm    +   (no shield)
rNeg     . . .     Faith    .   a - +0 robe
rPois    .         Spirit   +   (helmet restricted)
rElec    .         Reflect  .   (no cloak)
rCorr    .         Harm     .   (gloves unavailable)
MR       .....                  (boots unavailable)
Stlth    ++........             e - amulet of guardian spirit
Regen    0.6/turn               (no ring)
MPRegen  0.1/turn               (no ring)

@: mighty
A: unfitting armour, claws 3, fast metabolism 3, gourmand, regeneration 1,
shaggy fur 1, tough skin 2
a: Request Jelly, Renounce Religion


You were on level 6 of the Dungeon.
You worshipped Jiyva.
Jiyva was pleased with you.
You were full.

You visited 1 branch of the dungeon, and saw 6 of its levels.

You collected 104 gold pieces.
You spent 39 gold pieces at shops.

Inventory:

Hand Weapons
 i - a +0 dagger
Missiles
 f - 18 arrows
 k - 44 stones (quivered)
 n - 4 javelins of returning
Armour
 a - a +0 robe (worn)
 j - a +0 ring mail
Jewellery
 e - an amulet of guardian spirit (around neck)
Wands
 p - a wand of paralysis (12/24)
Scrolls
 d - 2 scrolls of fear {unknown}
 h - a scroll of blinking {unknown}
 m - 2 scrolls of identify
 o - 2 scrolls of teleportation
Books
 b - a book of Necromancy

   Spells                             Type                      Level
   a - Pain                           Necromancy                   1
   b - Animate Skeleton               Necromancy                   1
   c - Vampiric Draining              Necromancy                   3
   d - Regeneration                   Charms/Necromancy            3
   e - Animate Dead                   Necromancy                   4
   f - Control Undead                 Necromancy                   4
Comestibles
 c - 4 bread rations
 g - a royal jelly


   Skills:
 - Level 1.5 Dodging
 - Level 1.0 Stealth
 + Level 6.5 Unarmed Combat
 - Level 1.2 Spellcasting
 - Level 3.2 Necromancy


You had 6 spell levels left.
You knew the following spells:

 Your Spells              Type           Power        Failure   Level  Hunger
a - Pain                  Necr           #...         8%          1    ##.....


Dungeon Overview and Level Annotations

Branches:
Dungeon (6/15)
 Temple: D:4-7

Altars:
Jiyva

Shops:
D:4 ?

Annotations:
D:6 M4edhros's ghost, novice TrNe


Innate Abilities, Weirdness & Mutations

You are too large for most types of armour.
You have claws for hands.
Your metabolism is lightning-fast.
You like to eat raw meat.
Your natural rate of healing is unusually fast.
You are covered in fur. (AC +1)
You have very tough skin. (AC +2)


Message History

You feel very mighty all of a sudden.
You barely miss M4edhros's ghost. M4edhros's ghost hits you!
You barely miss M4edhros's ghost. You claw M4edhros's ghost!
M4edhros's ghost is moderately damaged.
M4edhros's ghost hits you.
You scratch M4edhros's ghost.
M4edhros's ghost is moderately damaged.
M4edhros's ghost hits you!
You scratch M4edhros's ghost.
M4edhros's ghost is moderately damaged.
M4edhros's ghost hits you!
You claw M4edhros's ghost!
M4edhros's ghost is heavily damaged.
M4edhros's ghost hits you!
* * * LOW HITPOINT WARNING * * *
You closely miss M4edhros's ghost.
M4edhros's ghost is heavily damaged.
M4edhros's ghost hits you!
You die...

#. #.# #.# ##
#.######## ...
#.#......# ....
#.#......#
......##.#......#
.........@W......
......##.#......#
...... #.#......#
...... #.#......#
......##.########
..............#
..............#
..............#
####.###......#


You could see M4edhros's ghost.

Vanquished Creatures
  A scorpion (D:5)
  A crimson imp (D:5)
  An iguana (D:4)
  3 orc wizards (D:4)
  2 worker ants
  3 gnolls (D:4)
  2 adders
  A shadow imp (D:5)
  2 worms
  A dart slug (D:4)
  2 orcs (D:4)
  A ball python (D:1)
  3 giant cockroaches
  4 goblins (D:2)
  2 hobgoblins (D:2)
  2 bats
  A frilled lizard (D:2)
  A jackal skeleton (D:4)
  3 kobolds
  A rat (D:2)
37 creatures vanquished.

Vanquished Creatures (others)
  The ghost of gorpus the Magician, a novice OpWz (D:5)
  A hound (D:5)
  A hobgoblin (D:1)
  A kobold (D:1)
4 creatures vanquished.

Grand Total: 41 creatures vanquished

Notes
Turn   | Place    | Note
-------+----------+-------------------------------------------
     0 | D:1      | M4edhros the Troll Necromancer began the quest for the Orb.
     0 | D:1      | Reached XP level 1. HP: 16/16 MP: 1/1
     0 | D:1      | Noticed a vine stalker
     3 | D:1      | Noticed a vampire
     5 | D:1      | Noticed a formicid
     6 | D:1      | Noticed a human
     7 | D:1      | Noticed an ogre
     8 | D:1      | Noticed a human
    10 | D:1      | Noticed a formicid
    12 | D:1      | Noticed a dwarf
    13 | D:1      | Noticed a draconian
    14 | D:1      | Noticed a vine stalker
    16 | D:1      | Noticed a human
    16 | D:1      | Noticed a troll
    18 | D:1      | Noticed a ghoul
    18 | D:1      | Noticed a ghoul
   118 | D:2      | Reached skill level 1 in Unarmed Combat
   155 | D:2      | Reached XP level 2. HP: 24/24 MP: 2/2
   190 | D:2      | Reached skill level 2 in Unarmed Combat
   204 | D:2      | Found a faded altar of an unknown god.
   219 | D:2      | Became a worshipper of Jiyva Julox the Shapeless
   219 | D:2      | Reached * piety under Jiyva
   468 | D:3      | Reached XP level 3. HP: 13/31 MP: 3/3
   620 | D:4      | Reached skill level 3 in Unarmed Combat
   656 | D:4      | Found Nienioc's Magic Scroll Emporium.
   695 | D:4      | Bought a scroll of teleportation for 39 gold pieces
   859 | D:5      | Entered Level 5 of the Dungeon
   859 | D:5      | Noticed a scorpion
   859 | D:5      | Noticed gorpus's ghost (novice OpWz)
   890 | D:5      | Killed gorpus's ghost
   890 | D:5      | Reached skill level 4 in Unarmed Combat
   890 | D:5      | Reached XP level 4. HP: 33/39 MP: 0/4
   901 | D:5      | Reached XP level 5. HP: 22/45 MP: 1/5
   910 | D:5      | Reached skill level 5 in Unarmed Combat
  1029 | D:4      | Reached skill level 6 in Unarmed Combat
  1029 | D:4      | Reached XP level 6. HP: 45/53 MP: 4/6
  1133 | D:4      | Reached ** piety under Jiyva
  1227 | D:6      | Noticed M4edhros's ghost (novice TrNe)
  1247 | D:6      | Slain by M4edhros's ghost

Vault maps used:
D:1:      shiori_arrival_whats_in_store_for_you, serial_bayou_ford_a
D:2:      chequers_ecumenical_altar_simple_redux, first_bread
D:3:      serial_bayou_pond_e, uniq_jessica
D:4:      serial_shops, shop, serial_co_window_serial,
          co_window_of_opportunity_a, co_window_paths_a,
          co_window_of_opportunity_a, co_window_paths_a, co_window_paths_a,
          co_window_paths_a, co_window_paths_b, co_window_2corner,
          co_window_broadway_c, co_window_paths_c, co_window_of_opportunity_b,
          co_window_broadway_a, co_window_4corner_a, glass_columns_a,
          glass_columns_b
D:5:      temple_doors_e

Skill      XL: |  1  2  3  4  5 |
---------------+----------------+-----
Unarmed Combat | 1 2 4 6 |  6.5
Dodging        | |  1.5
Stealth        | |  1.0
Spellcasting   | |  1.2
Necromancy     | |  3.2

Action                   |  1- 3 |  4- 6 || total
-------------------------+-------+-------++-------
Melee: Unarmed           |    80 |    61 ||   141
       Punch             |       |     1 ||     1
Invok: Request Jelly     |     1 |     1 ||     2
Evoke: Wand              |       |     2 ||     2
  Use: Potion            |     2 |     1 ||     3
       Scroll            |       |     1 ||     1
 Stab: Sleeping          |     1 |       ||     1
  Eat: Chunk             |     2 |     9 ||    11
       Royal jelly       |     1 |       ||     1
Armor: Robe              |    33 |    10 ||    43
Dodge: Dodged            |    49 |    19 ||    68
